 Dungeon Crawl Stone Soup version 0.25.1-2-g60ff931df9 (webtiles) character file.

Game seed: 3001398629185316399

1607 Qrupt the Cutter (level 9, -8/60 HPs)
             Began as a Halfling Fighter on Oct 28, 2020.
             Was a Follower of Ru.
             Mangled by an orc knight
             ... wielding a +0 halberd
              (35 damage)
             ... in a bailey.
             The game lasted 00:14:04 (6438 turns).

Qrupt the Cutter (Halfling Fighter)                 Turns: 6438, Time: 00:14:05

Health: -8/60      AC:  5    Str: 20    XL:     9   Next: 16%
Magic:  11/11      EV: 11    Int:  6    God:    Ru [*.....]
Gold:   311        SH: 11    Dex: 14    Spells: 8/8 levels left

rFire    . . .     SeeInvis .   a - +1 rapier
rCold    . . .     Gourm    .   c - +0 kite shield
rNeg     + . .     Faith    .   t - +0 troll leather armour
rPois    +         Spirit   .   (no helmet)
rElec    .         Reflect  .   x - scarf {+Inv}
rCorr    .         Harm     .   (no gloves)
MR       .....                  (no boots)
Stlth    +.........             (no amulet)
HPRegen  0.60/turn              e - ring of poison resistance
MPRegen  0.12/turn              o - ring of positive energy

@: no status effects
A: small, mutation resistance 1, hated by all
a: Renounce Religion, Evoke Invisibility


You were in a bailey.
You worshipped Ru.
Ru was aware of your devotion.
You were not hungry.

You visited 1 branch of the dungeon, and saw 7 of its levels.
You also visited: Bailey.

You collected 311 gold pieces.

Inventory:

Hand Weapons
 a - a +1 rapier (weapon)
 d - a +0 hunting sling
Armour
 b - a +0 scale mail
 c - a +0 kite shield (worn)
 t - a +0 troll leather armour (worn)
 x - a scarf of invisibility (worn)
Jewellery
 e - a ring of poison resistance (left hand)
 o - a ring of positive energy (right hand)
Scrolls
 j - 5 scrolls of amnesia
 k - 2 scrolls of teleportation
 l - a scroll of magic mapping
 s - 4 scrolls of remove curse {unknown}
 v - a scroll of enchant armour {unknown}
Potions
 i - a potion of brilliance
 m - 4 potions of degeneration
 n - 2 potions of mutation
 q - a potion of flight {unknown}
 r - a potion of heal wounds {unknown}
 u - a potion of cancellation {unknown}
 w - a potion of stabbing {unknown}
Comestibles
 f - 5 rations


   Skills:
 + Level 4.9 Fighting
 + Level 7.0 Short Blades
 + Level 2.0 Slings
 + Level 6.5 Armour
 - Level 1.1 Dodging
 - Level 0.5 Stealth
 + Level 6.1 Shields
 - Level 0.2 Unarmed Combat
 + Level 3.4 Evocations


You had 8 spell levels left.
You didn't know any spells.
Your spell library was empty.

Dungeon Overview and Level Annotations

Branches:
Dungeon (7/15)             Temple (0/1) D:7          Bailey (1/1)

Altars:
Cheibriados
Dithmenos
Elyvilon
Okawaru
Ru
Uskayaw
Vehumet
Xom
The Shining One

Annotations:
D:5 exclusion: door


Innate Abilities, Weirdness & Mutations

You are small and have problems with some larger weapons.
You are somewhat resistant to further mutation.
You are hated by all.


Message History

There is an open door here.
The orc knight shouts!
Things that are here:
a +0 spear; a +0 chain mail You start resting.
HP restored.
The orc knight no longer looks unusually strong.
Things that are here:
a +0 spear; a +0 chain mail
There is an open door here.
The orc knight roars a battlecry!
The orc knights go into a battle-frenzy!
The orc knight roars a battlecry!
The orc knight goes into a battle-frenzy!
You block the orc knight's attack.
The orc knight hits you from afar with a +0 halberd!!
Ouch! That really hurt!
The orc knight hits you from afar with a +0 halberd!!
Ouch! That really hurt!
You die...

#### ##+#############.≈.# #.$$
........##.....##.≈.# ##
≈≈≈≈≈≈≈..+#...##..≈.# .##
≈.....§§§.##.##..≈≈.# ..#
...⌠..§≈§..#+#..≈≈.## ..#
..⌠∩⌠oo§§..# #..≈≈.∩# .##
≈§§.oo≈≈..# ##.)≈≈.# ##
≈≈§≈§§§..# ##))≈.# #
..§.§..@## ##.≈.#
############+###'#########.≈.#
........##.... ##)).).....)≈.#
≈≈≈≈≈≈≈..##.∩.##..≈≈≈≈≈≈≈≈≈≈.#
......≈≈..## ##..≈≈..........#
#####..≈≈..###..≈≈..##########
##..≈≈.....≈≈..##
##..≈≈≈≈≈≈≈..## ##.........##


You could see 4 orc knights.

Vanquished Creatures
  4 humans (D:6)
  An orc warrior (Bailey)
  A sky beast (D:7)
  2 ice beasts
  2 ogres
  A bullfrog (D:5)
  A scorpion (D:4)
  2 howler monkeys
  An orc priest (D:4)
  A jelly (D:6)
  A bullfrog skeleton (D:5)
  Terence (D:3)
  A worker ant (D:6)
  A hound skeleton (D:5)
  A howler monkey zombie (D:6)
  2 worker ant zombies
  5 adders
  3 shadow imps
  2 oozes
  An adder zombie (D:5)
  An adder skeleton (D:4)
  3 worms
  2 dart slugs
  A leopard gecko (D:1)
  16 orcs
  7 giant cockroaches
  3 goblins
  7 hobgoblins
  4 quokkas
  2 ball pythons
  7 bats
  8 frilled lizards
  9 kobolds
  A leopard gecko zombie (D:5)
  8 rats
113 creatures vanquished.

Vanquished Creatures (others)
  A centaur (D:5)
  A crimson imp (D:5)
  A worker ant (D:5)
  A worm (D:5)
  A quokka (D:5)
  A frilled lizard (D:5)
6 creatures vanquished.

Grand Total: 119 creatures vanquished

Notes
Turn   | Place    | Note
-------+----------+-------------------------------------------
     0 | D:1      | Qrupt the Halfling Fighter began the quest for the Orb.
     0 | D:1      | Reached XP level 1. HP: 15/15 MP: 1/1
   166 | D:1      | Reached XP level 2. HP: 20/20 MP: 2/2
   247 | D:1      | Reached skill level 3 in Short Blades
   247 | D:1      | Reached XP level 3. HP: 25/25 MP: 3/3
  1077 | D:2      | Reached XP level 4. HP: 31/31 MP: 4/4
  1768 | D:3      | Found a sacrificial altar of Ru.
  2060 | D:3      | Noticed Terence
  2382 | D:3      | Killed Terence
  2382 | D:3      | Reached XP level 5. HP: 18/36 MP: 5/5
  2824 | D:3      | Became a worshipper of Ru the Awakened
  2937 | D:4      | Found a shadowy altar of Dithmenos.
  3004 | D:4      | Noticed an ogre
  3012 | D:4      | Killed an ogre
  3012 | D:4      | Reached skill level 4 in Short Blades
  3012 | D:4      | Reached XP level 6. HP: 22/42 MP: 6/6
  3866 | D:5      | Entered Level 5 of the Dungeon
  4017 | D:5      | Reached skill level 5 in Armour
  4058 | D:5      | Noticed an ice beast
  4221 | D:5      | Reached skill level 5 in Short Blades
  4250 | D:5      | Found a shimmering altar of Xom.
  4258 | D:5      | Reached skill level 1 in Dodging
  4571 | D:4      | Reached XP level 7. HP: 37/46 MP: 7/7
  4584 | D:4      | Gained mutation: You are hated by all. [Ru sacrifice]
  4584 | D:4      | Reached * piety under Ru
  4651 | D:5      | Found a white marble altar of Elyvilon.
  4959 | D:6      | Reached skill level 1 in Evocations
  5040 | D:6      | Reached skill level 5 in Shields
  5040 | D:6      | Reached XP level 8. HP: 48/54 MP: 7/9
  5131 | D:6      | Noticed a human
  5150 | D:6      | Killed a human
  5150 | D:6      | Reached skill level 6 in Short Blades
  5158 | D:6      | Noticed a human
  5164 | D:6      | Noticed a human
  5173 | D:6      | Killed a human
  5179 | D:6      | Killed a human
  5184 | D:6      | Noticed a human
  5188 | D:6      | Killed a human
  5271 | D:6      | Found a snail-covered altar of Cheibriados.
  5287 | D:6      | Found a hide-covered altar of Uskayaw.
  5388 | D:6      | Found a radiant altar of Vehumet.
  5434 | D:6      | Reached skill level 1 in Slings
  5476 | D:6      | Found a snail-covered altar of Cheibriados.
  5643 | D:6      | Reached XP level 9. HP: 59/59 MP: 11/11
  5819 | D:6      | Found a glowing golden altar of the Shining One.
  5840 | D:6      | Found an iron altar of Okawaru.
  6195 | D:7      | Found a flagged portal.
  6204 | Bailey   | Entered a bailey
  6371 | Bailey   | Reached skill level 7 in Short Blades
  6387 | Bailey   | Noticed an orc knight
  6387 | Bailey   | Noticed an orc knight
  6387 | Bailey   | Noticed an orc knight
  6387 | Bailey   | Noticed an orc knight
  6438 | Bailey   | Mangled by an orc knight

Illustrated notes

Levels and vault maps discovered:
D:1:      minmay_arrival_five_plusses, layout_basic,
          chequers_serial_rivers_micro_d
D:2:      layout_loops_ring
D:3:      layout_basic, serial_co_window_serial, co_window_of_opportunity_a,
          co_window_corner_a, co_window_cross_1, co_window_corner_a,
          co_window_corner_a, co_window_broadway_a, co_window_corner_cb,
          co_window_cross_2, co_window_4corner_a, glass_columns_b,
          glass_columns_a, glass_columns_c, glass_columns_a, glass_columns_b,
          hangedman_decor_opposing, nicolae_ru_sacrificial_ziggurat,
          uniq_terence
D:4:      layout_loops_cross, nicolae_dithmenos_shadow_blocks, first_ration,
          hangedman_glass_teeth
D:5:      layout_basic, elyvilon_altar_4, xom_confusion_cloud
D:6:      layout_layer_cave, nicolae_overflow_crystal_walls,
          overflow_temple_1_default, slow_altar_1, lemuel_round_altar,
          kennysheep_mini, basic_altar, minmay_ruffians
D:7:      layout_loops_cross, grunt_temple_overflow_open, temple_fountains,
          enter_bailey_2, nicolae_ossuary_entry_ruins, uniq_duvessa
Bailey:   bailey_polearm_1, bailey

Skill      XL: |  1  2  3  4  5  6  7  8  9 |
---------------+----------------------------+-----
Short Blades   | 3 4 5 6 7 |  7.0
Fighting       | 3 4 |  4.9
Shields        | 4 5 6 |  6.1
Armour         | 4 5 6 |  6.5
Dodging        | 1 |  1.1
Evocations     | 1 3 |  3.4
Slings         | 1 2 |  2.0
Stealth        | |  0.5
Unarmed Combat | |  0.2

Action                   |  1- 3 |  4- 6 |  7- 9 || total
-------------------------+-------+-------+-------++-------
Melee: Rapier            |   107 |   224 |   177 ||   508
       Unarmed           |       |    17 |       ||    17
 Fire: Hunting sling     |       |       |    13 ||    13
Invok: Sacrifice Love    |       |       |     1 ||     1
  Use: Potion            |       |     1 |     4 ||     5
       Scroll            |       |       |     8 ||     8
  Eat: Chunk             |     1 |     8 |     4 ||    13
       Ration            |       |     1 |     1 ||     2
Armor: Scale mail        |    43 |    61 |       ||   104
       Troll leather arm |       |     2 |    28 ||    30
Dodge: Dodged            |    38 |    83 |    72 ||   193
Block: Kite shield       |    53 |   113 |    95 ||   261
